 Dungeon Crawl Stone Soup version 0.23.0-3-gf3c87f2 (webtiles) character file.

Game seed: 18145870097222092011

703 Borgoz the Sneak (level 7, 0/50 HPs)
             Began as a Ghoul Enchanter on Feb 24, 2019.
             Was an Initiate of Ashenzari.
             Slain by a sky beast (1 damage)
             ... on level 5 of the Dungeon.
             The game lasted 00:10:15 (3742 turns).

Borgoz the Sneak (Ghoul Enchanter)                  Turns: 3742, Time: 00:10:15

Health: 0/50       AC:  6    Str: 12    XL:     7   Next: 66%
Magic:  1/10       EV: 13    Int: 10    God:    Ashenzari [......]
Gold:   227        SH:  0    Dex: 11    Spells: 7/12 levels left

rFire    . . .     SeeInvis .   a - +0 short sword (elec)
rCold    + . .     Gourm    .   (no shield)
rNeg     + + +     Faith    .   o - +0 leather armour
rPois    ∞         Spirit   .   (no helmet)
rElec    .         Reflect  .   e - +1 cloak
rCorr    .         Harm     .   f - +0 pair of gloves
MR       .....                  (no boots)
Stlth    +++.......             (no amulet)
HPRegen  0.00/turn              k - ring of stealth
MPRegen  0.12/turn              (no ring)

@: very slightly contaminated, rotting
A: rotting body, claws 1, carnivore, cold resistance 1, negative energy
resistance 3, inhibited regeneration, torment resistance, unbreathing
a: Curse Item, Renounce Religion


You were on level 5 of the Dungeon.
You worshipped Ashenzari.
Ashenzari was noncommittal.
You were not hungry.

You visited 2 branches of the dungeon, and saw 6 of its levels.

You collected 227 gold pieces.

Inventory:

Hand Weapons
 a - a +0 short sword of electrocution (weapon)
Missiles
 g - 32 poisoned needles
Armour
 e - a +1 cloak (worn)
 f - a +0 pair of gloves (worn)
 o - a +0 leather armour (worn)
Jewellery
 k - a ring of stealth (left hand)
Wands
 n - a wand of random effects (3)
 p - a wand of flame (18)
Scrolls
 b - 3 scrolls of identify
 c - 3 scrolls of teleportation
 h - 2 scrolls of remove curse
 l - a scroll of fog
 m - a scroll of enchant armour
Comestibles
 d - 7 rations


   Skills:
 * Level 4.1 Short Blades
 * Level 4.6 Dodging
 + Level 5.0 Stealth
 - Level 3.1 Spellcasting
 + Level 2.5 Hexes
 + Level 0.4 Evocations


You had 7 spell levels left.
You knew the following spells:

 Your Spells              Type           Power        Failure   Level  Hunger
a - Confuse               Hex            #.......     36%         3    ###....
b - Ensorcelled Hibernat  Hex/Ice        #.....       32%         2    ###....

Your spell library contained the following spells:

 Spells                   Type           Power        Failure   Level  Hunger
 Confusing Touch          Hex            #.....       13%         1    #......
 Corona                   Hex            #......      13%         1    #......
 Animate Skeleton         Necr           N/A          34%         1    #......
 Apportation              Tloc           #.....       34%         1    #......
 Sandblast                Erth           #.....       34%         1    #......
 Summon Small Mammal      Summ           #...         34%         1    #......
 Tukima's Dance           Hex            #.......     36%         3    ###....
 Passwall                 Tmut/Erth      #.......     47%         2    ###....
 Dazzling Spray           Conj/Hex       #.....       54%         3    ###....
 Stone Arrow              Conj/Erth      #.....       71%         3    ###....
 Petrify                  Tmut/Erth      #.......     98%         4    #####..
 Lee's Rapid Deconstruct  Erth           #.........   100%        5    ######.


Dungeon Overview and Level Annotations

Branches:
Dungeon (5/15)             Temple (1/1) D:4

Altars:
Ashenzari
Cheibriados
Dithmenos
Elyvilon
Fedhas
Gozag
Hepliaklqana
Kikubaaqudgha
Makhleb
Nemelex Xobeh
Okawaru
Qazlal
Ru
Sif Muna
Trog
Uskayaw
Vehumet
Wu Jian
Xom
Yredelemnul
Zin
The Shining One


Innate Abilities, Weirdness & Mutations

Your body is rotting away.
You thrive on raw meat.
You are immune to poison.
You have sharp fingernails.
You are carnivorous and can eat meat at any time.
Your flesh is cold resistant. (rC+)
You are immune to negative energy. (rN+++)
You do not regenerate when monsters are visible.
You are immune to unholy pain and torment.
You can survive without breathing.


Message History

Reactivating autopickup.
You hit the sky beast.
The sky beast is almost dead.
The sky beast barely misses you.
You hit the sky beast.
The sky beast is almost dead.
You hit the sky beast but do no damage.
The sky beast is almost dead.
The sky beast hits you.
* * * LOW HITPOINT WARNING * * *
The sky beast shocks you.
* * * LOW HITPOINT WARNING * * *
Casting: Ensorcelled Hibernation (safe; 32% risk of failure)
Confirm with . or Enter, or press ? or * to list all spells.
Aiming: Ensorcelled Hibernation (safe; 32% risk of failure)
Press: ? - help, Shift-Dir - straight line, f/p - sky beast
Aim: a sky beast (almost dead, chance to defeat MR: 36%)
You miscast Ensorcelled Hibernation.
Nothing appears to happen.
The sky beast hits you.
You die...

#.# #######.# #.#
#.....#.#
######.###.....#'##
###........+.).......
#.....#.>.##.........
##'#+#.#≈.............
#........#............
#.....Y........#......
#....@####..####......
##........#............
#.......#.#..####......
#.......#..............
#......(..#.#.#....####
#......≈...............
#......###.............
#.#...#.......#........
#.###.#.#.....#........


You could see a sky beast.

Vanquished Creatures
  A sky beast (D:5)
  An ogre (D:3)
  A phantom (D:4)
  A scorpion (D:5)
  2 crimson imps (D:5)
  2 orc priests (D:4)
  2 orc wizards (D:4)
  2 worker ants
  A worker ant zombie (D:5)
  A gnoll (D:1)
  6 adders
  A worm (D:4)
  3 dart slugs
  5 leopard geckos
  9 orcs
  7 bats
  3 giant cockroaches
  4 goblins
  5 hobgoblins
  3 jackals (D:1)
  A quokka (D:5)
  3 frilled lizards
  5 kobolds
  7 rats
  A plant (D:3)
77 creatures vanquished.

Notes
Turn   | Place    | Note
-------+----------+-------------------------------------------
     0 | D:1      | Borgoz the Ghoul Enchanter began the quest for the Orb.
     0 | D:1      | Reached XP level 1. HP: 14/14 MP: 2/2
   109 | D:1      | Reached skill level 1 in Short Blades
   164 | D:1      | Reached XP level 2. HP: 20/20 MP: 3/3
   442 | D:1      | Reached XP level 3. HP: 16/26 MP: 5/5
   959 | D:2      | Reached XP level 4. HP: 21/33 MP: 6/6
  1139 | D:2      | Found an opulent altar of Gozag.
  1521 | D:3      | Learned a level 3 spell: Confuse
  1524 | D:3      | Learned a level 2 spell: Ensorcelled Hibernation
  1535 | D:3      | Noticed an ogre
  1538 | D:3      | Found a blossoming altar of Fedhas.
  1541 | D:3      | Killed an ogre
  1541 | D:3      | Reached skill level 4 in Stealth
  1541 | D:3      | Reached XP level 5. HP: 38/38 MP: 7/7
  2126 | D:4      | Noticed a phantom
  2147 | D:4      | Killed a phantom
  2147 | D:4      | Reached XP level 6. HP: 42/45 MP: 7/9
  2276 | D:4      | HP: 2/45 [orc wizard/magic dart (2)]
  2704 | D:4      | Found a staircase to the Ecumenical Temple.
  2734 | Temple   | Entered the Ecumenical Temple
  2761 | Temple   | Became a worshipper of Ashenzari the Shackled
  3039 | D:4      | Reached XP level 7. HP: 28/48 MP: 6/10
  3263 | D:5      | Entered Level 5 of the Dungeon
  3595 | D:5      | HP: 2/50 [something (6)]
  3598 | D:5      | Reached skill level 5 in Stealth
  3741 | D:5      | HP: 1/50 [sky beast (5)]
  3742 | D:5      | Slain by a sky beast

Skill      XL: |  1  2  3  4  5  6  7 |
---------------+----------------------+-----
Short Blades   | 1 2 3 4 |  4.1
Dodging        | 2 3 4 |  4.6
Spellcasting   | 2 3 |  3.1
Stealth        | 4 5 |  5.0
Hexes          | |  2.5
Evocations     | |  0.4

Action                   |  1- 3 |  4- 6 |  7- 9 || total
-------------------------+-------+-------+-------++-------
Melee: Dagger            |   100 |       |       ||   100
       Short sword       |    26 |   157 |   112 ||   295
 Cast: Confuse           |       |     4 |     2 ||     6
       Ensorcelled Hiber |       |       |     2 ||     2
Evoke: Wand              |       |     8 |       ||     8
  Use: Potion            |     2 |     5 |     1 ||     8
       Scroll            |       |     8 |       ||     8
 Stab: Sleeping          |       |     2 |     4 ||     6
       Confused          |       |       |     1 ||     1
  Eat: Chunk             |    11 |    16 |    12 ||    39
Armor: Robe              |    51 |     8 |       ||    59
       Leather armour    |       |    15 |    33 ||    48
Dodge: Dodged            |   119 |    93 |    51 ||   263
